 Dungeon Crawl Stone Soup version 0.26.0-16-gc1dbca0489 (webtiles) character file.

Game seed: 3240349496612097044

648 kaeus the Magician (level 7, -8/36 HPs)
             Began as a Vine Stalker Transmuter on Jan 20, 2021.
             Was an Initiate of Ashenzari.
             Mangled by a kobold
             ... wielding a +4 whip of electrocution
              (11 damage)
             ... on level 4 of the Dungeon.
             The game lasted 00:08:53 (3547 turns).

kaeus the Magician (Vine Stalker Transmuter)        Turns: 3547, Time: 00:08:54

Health: -8/36      AC:  7    Str: 11 (13) XL:     7   Next: 53%
Magic:  0/14       EV: 13    Int: 13      God:    Ashenzari [......]
Gold:   251        SH:  0    Dex: 14 (16) Spells: 13/14 levels left

rFire    + . .     SeeInvis .   o - +0 flail (vorpal) (curse)
rCold    x . .     Faith    .   (no shield)
rNeg     . . .     Spirit   +   i - +0 scale mail (curse)
rPois    .         Reflect  .   u - +0 helmet
rElec    .         Harm     .   (no cloak)
rCorr    .         Rampage  .   (no gloves)
Will     .....                  (no boots)
Stlth    +.........             (no amulet)
HPRegen  0.52/turn              b - +4 ring of evasion
MPRegen  0.14/turn              s - ring of fire

@: no status effects
A: fangs 2, regeneration 1, magic shield, antimagic bite, no potion heal 3
a: Renounce Religion, Curse Item


You were on level 4 of the Dungeon.
You worshipped Ashenzari.
Ashenzari was noncommittal.
You visited 1 branch of the dungeon, and saw 4 of its levels.

You collected 251 gold pieces.

Inventory:

Hand Weapons
 o - a cursed +0 vorpal flail (weapon)
Armour
 a - a +0 robe
 i - a cursed +0 scale mail (worn)
 u - a +0 helmet (worn)
Jewellery
 b - a +4 ring of evasion (left hand)
 s - a ring of fire (right hand)
Wands
 q - a wand of digging (3)
Scrolls
 c - 2 scrolls of teleportation {unknown}
 d - a scroll of random uselessness {unknown}
 f - 2 scrolls of enchant weapon {unknown}
 g - 2 scrolls of identify {unknown}
 h - 3 scrolls of amnesia {unknown}
 r - a scroll of blinking {unknown}
 t - a scroll of magic mapping {unknown}
Potions
 m - a potion of curing
 n - a potion of lignification


   Skills:
 + Level 3.2 Fighting
 + Level 2.3 Maces & Flails
 - Level 2.0 Dodging
 + Level 4.0 Stealth
 - Level 3.5 Unarmed Combat
 - Level 4.0 Spellcasting
 + Level 4.0 Transmutations


You had 13 spell levels left.
You knew the following spells:

 Your Spells              Type           Power        Failure   Level
a - Beastly Appendage     Tmut           26%          26%         1

Your spell library contained the following spells:

 Spells                   Type           Power        Failure   Level
 Wereblood                Tmut           13%          36%         2
 Spider Form              Tmut/Pois      3%           86%         3
 Ice Form                 Ice/Tmut       7%           99%         4
 Blade Hands              Tmut           6%           100%        5


Dungeon Overview and Level Annotations

Branches:
Dungeon (4/15)             Temple (0/1) D:4

Altars:
Ashenzari
Hepliaklqana
Nemelex Xobeh
Okawaru
The Shining One


Innate Abilities, Weirdness & Mutations

You have extremely sharp teeth.
Your natural rate of healing is unusually fast.
When hurt, damage is shared between your health and your magic reserves.
Your bite disrupts and absorbs the magic of your enemies.
Potions cannot restore your health.


Message History

You kill the gnoll!
The gnoll hits you but does no damage.
Your Stealth skill increases to level 4!
You closely miss the big kobold. Your bite misses the big kobold.
The gnoll closely misses you. The big kobold barely misses you.
The gnoll hits you from afar with a +0 spear.
* * * LOW HITPOINT WARNING * * *
You hit the big kobold. You bite the big kobold. You drain its power.
You feel invigorated.
The big kobold is moderately wounded.
The gnoll closely misses you. The big kobold completely misses you.
The kobold hits you but does no damage.
You closely miss the big kobold.
You bite the big kobold, but do no damage.
The big kobold is moderately wounded.
The gnoll barely misses you. The big kobold completely misses you.
The kobold hits you with a +4 whip of electrocution.
* * * LOW HITPOINT WARNING * * *
You are electrocuted!
You die...

≈≈≈≈≈≈≈≈≈≈≈≈≈≈≈≈≈≈≈≈≈≈≈
≈≈#####≈≈≈≈≈≈≈≈≈≈≈≈≈≈≈
≈≈#...################
#...#......## ##....
#.))#.......###....(
##'##........#......
#...........#......
#...........)()....
#K@........(#......
#K##......).#......
#$g$#.......###....(
#$$$#......## ##....
#$$$######## #####
#####


You could see a big kobold, a gnoll and a kobold.

Vanquished Creatures
  3 big kobolds (D:4)
  A water moccasin skeleton (D:4)
  2 hounds
  3 orc wizards (D:4)
  5 gnolls (D:4)
  8 adders
  2 worms (D:2)
  4 dart slugs
  2 leopard geckos
  11 orcs
  2 ball pythons (D:2)
  5 giant cockroaches
  3 goblins
  6 hobgoblins
  21 kobolds
  A quokka (D:2)
  3 bats
  8 frilled lizards
  3 rats
93 creatures vanquished.

Vanquished Creatures (others)
  An orc wizard (D:4)
  A plant (D:3)
2 creatures vanquished.

Grand Total: 95 creatures vanquished

Notes
Turn   | Place    | Note
-------+----------+-------------------------------------------
     0 | D:1      | kaeus the Vine Stalker Transmuter began the quest for the
                  | Orb.
     0 | D:1      | Reached XP level 1. HP: 9/9 MP: 4/4
   102 | D:1      | Reached skill level 1 in Fighting
   223 | D:1      | Reached XP level 2. HP: 13/14 MP: 4/6
  1024 | D:2      | Reached XP level 3. HP: 13/18 MP: 5/7
  1255 | D:2      | Found an iron altar of Okawaru.
  1555 | D:2      | Gained mutation: Your natural rate of healing is unusually
                  | fast. [Vine Stalker growth]
  1555 | D:2      | Reached XP level 4. HP: 9/23 MP: 6/9
  1714 | D:2      | Reached skill level 1 in Stealth
  1791 | D:2      | Found a hazy altar of Hepliaklqana.
  2265 | D:3      | Found a broken altar of Ashenzari.
  2297 | D:3      | Became a worshipper of Ashenzari the Shackled
  2426 | D:3      | Found a glowing golden altar of the Shining One.
  2471 | D:3      | Reached XP level 5. HP: 26/26 MP: 10/10
  2905 | D:4      | Reached skill level 1 in Maces & Flails
  2905 | D:4      | Reached XP level 6. HP: 26/31 MP: 9/11
  3043 | D:4      | Found a sparkling altar of Nemelex Xobeh.
  3153 | D:4      | Found a staircase to the Ecumenical Temple.
  3386 | D:4      | Reached XP level 7. HP: 9/35 MP: 13/13
  3547 | D:4      | Mangled by a kobold

Illustrated notes

Levels and vault maps discovered:
D:1:      nzn_arrival_depleted_hourglass, layout_rooms, dk_noncrumbling_2
D:2:      layout_loops_ring, nicolae_overflow_crystal_walls, lemuel_round_altar
D:3:      layout_loops_ring, tso_oasis_becter, evilmike_ruin_ashenzari
D:4:      minmay_goblin_kobold_castle, layout_loops_ring,
          nemelex_xobeh_ov_fountains_minmay, minmay_temple_entry_gardened_gates,
          uniq_sigmund

Skill      XL: |  1  2  3  4  5  6  7 |
---------------+----------------------+-----
Fighting       | 1 2 3 |  3.2
Dodging        | 2 |  2.0
Stealth        | 1 2 3 4 |  4.0
Spellcasting   | 3 4 |  4.0
Transmutations | 3 4 |  4.0
Maces & Flails | 1 2 |  2.3
Unarmed Combat | |  3.5

Action                   |  1- 3 |  4- 6 |  7- 9 || total
-------------------------+-------+-------+-------++-------
Melee: Unarmed           |   135 |    17 |       ||   152
       Bite              |    38 |    39 |    15 ||    92
       Punch             |     1 |     3 |     1 ||     5
       Kick              |     6 |    11 |       ||    17
       Headbutt          |     6 |     5 |       ||    11
       Flail             |       |   160 |    55 ||   215
 Cast: Beastly Appendage |     7 |     6 |       ||    13
Invok: Curse Item        |       |     1 |       ||     1
  Use: Potion            |     2 |     7 |       ||     9
Armor: Robe              |     5 |       |       ||     5
       Scale mail        |    42 |    67 |    28 ||   137
       Skin              |       |    13 |     2 ||    15
Dodge: Dodged            |   102 |   138 |    55 ||   295
